Map: Zen LE

Players

prospeKt - Winner!

  • Race: Zerg Zerg
  • League: Platinum
  • Spawn Location: 7:00

VOD

Have the link to the VOD?

Description

Time

  • Played on: June 2, 2020, 3:36 a.m.
  • Length: 18:10
Show
View Real Time Build Order
Export as new Build Order

prospeKt Zerg - Winner!

Build Orders:  

Get SALT Encoding   

  12  0:01  Drone  
  13  0:18  Overlord  
  13  0:23  Drone  
  14  0:43  Drone x2  
  16  0:50  Drone  
  17  1:15  Hatchery  
  16  1:20  Drone  
  17  1:30  Drone  
  18  1:45  Spawning Pool  
  18  1:49  Drone  
  18  1:54  Drone  
  19  2:02  Extractor  
  19  2:04  Drone  
  19  2:21  Drone  
  20  2:35  Drone  
  21  2:53  Drone  
  21  2:57  Drone  
  21  2:58  Queen x2  
  27  3:05  Overlord  
  27  3:14  Drone  
  28  3:33  Drone x2  
  30  3:41  Drone x2  
  30  3:48  Queen  
  34  3:56  Drone x2  
  36  4:04  Overlord  
  36  4:23  Extractor  
  36  4:24  Drone  
  36  4:25  Drone, Extractor  
  36  4:33  Drone  
  36  4:38  Queen  
  39  4:40  Hatchery  
  39  4:43  Drone  
  39  4:44  Drone x5  
  44  5:09  Overlord  
  44  5:34  Drone x2  
  44  5:35  Drone x4  
  44  5:36  Drone x2  
  44  5:37  Overlord x2  
  52  6:04  Roach Warren  
  52  6:05  Drone x4  
  52  6:09  Roach Warren  
  54  6:23  Drone  
  54  6:24  Drone x3  
  58  6:39  Drone x3  
  61  6:59  Drone  
  62  7:00  Drone x2  
  64  7:11  Roach  
  64  7:12  Roach x4  
  64  7:14  Overlord x2  
  70  7:43  Roach x9  
  82  7:51  Roach x3  
  80  8:02  Roach  
  80  8:03  Roach x4  
  80  8:09  Overlord  
  89  8:12  Queen  
  82  8:32  Evolution Chamber  
  82  8:34  Drone x12  
  89  8:41  Extractor  
  89  8:42  Extractor  
  87  8:50  Lair  
  87  8:51  Drone  
  87  8:52  Drone x5  
  93  9:02  Queen  
  93  9:06  Drone  
  96  9:17  Hatchery  
  95  9:35  Drone x2  
  95  9:36  Drone  
  95  9:37  Overlord x5  
  98  9:44  Extractor  
  97  9:50  Hatchery  
  97  9:57  Hydralisk Den  
  97  9:58  Drone x3  
  98  10:31  Drone x4  
  98  10:32  Drone x7  
  109  10:40  Drone x3  
  112  10:53  Drone  
  112  10:56  Hydralisk  
  112  10:57  Hydralisk x4  
  123  11:04  Overlord, Extractor  
  123  11:05  Overlord  
  122  11:10  Extractor  
  122  11:11  Hydralisk x2  
  125  11:28  Hydralisk x3  
  125  11:29  Hydralisk x4  
  139  11:45  Glial Reconstitution  
  139  11:47  Zerg Missile Weapons Level 1  
  139  11:50  Hydralisk x8  
  155  12:03  Drone  
  155  12:04  Drone  
  155  12:05  Hydralisk  
  155  12:06  Hydralisk x2  
  163  12:41  Extractor, Hydralisk  
  163  12:42  Hydralisk  
  163  12:45  Extractor  
  163  12:47  Overlord x3  
  163  12:48  Overlord x2  
  165  13:07  Overseer  
  165  13:20  Drone x3  
  165  13:24  Unknown  
  165  13:26  Hydralisk x12  
  192  13:42  Overlord x2  
  192  13:46  Hydralisk x4  
  200  14:01  Infestation Pit  
  200  14:09  Tunneling Claws  
  199  14:14  Drone  
  200  14:27  Zerg Ground Armor Level 1  
  200  14:30  Overseer  
  200  14:45  Hatchery  
  200  14:46  Hatchery  
  192  14:50  Hatchery  
  192  14:57  Hatchery, Hydralisk  
  192  14:58  Hydralisk x7  
  200  15:08  Drone  
  200  15:09  Drone  
  196  15:26  Drone  
  197  15:34  Drone  
  198  15:48  Unknown  
  198  16:46  Evolution Chamber  
  197  16:52  Drone  
  198  17:16  Hydralisk  
  198  18:04  Hatchery  
Tags
 
League
Platinum
Matchup
Co-op
Add a new tag
Caveats
  • Supply blocks, unpowered buildings, or Contaminate may cause inaccurate times.
  • Supply counts are checked every 10 seconds.